cohdb
Replays
Latest Replays
All Replays
Popular Replays
Top Player Replays
Match Explorer
How It Works
Community
CoH3 Stats
Reddit
Sign in to upload your games and track your stats! →
Sign in with Steam
Match 43530941
Unlisted
Match 43530941
Overview
Messages
Build Orders
End
Pioneer Squad
Construct Infanterie Kompanie
Grenadier Squad
Selects Mechanized Battlegroup
MG 42 Machine Gun Team
Grenadier Squad
MG 42 Machine Gun Team
Infanterie Officer Quarters
Construct Luftwaffe Kompanie
221 Scout Car
Selects Mobile Repair Stations
Flak 30 Anti-aircraft Gun Team
221 Scout Car
Selects Wespe Self-propelled Artillery
Wespe Self-propelled Artillery
Jäger Squad
Medical Bunker
Symbiosis
*Mule
Havoc
Reakly
0
0
Comments
sign in to comment!
No comments posted yet!